Unix NetHack Version 5.0.0-0 post-release - last build May 23 2026 06:08:33 (1c0ff79ee797540d5714e4e18072db0edd9e58ae,branch:main).

Game began 2026-05-27 15:34:36, ended 2026-05-27 15:44:39.

CyberFan, lawful female dwarven Archeologist

               ..   ..
           ......---.- -----
          ....--.@.*.| ....
         .......--)o.o.-
         ......*.....|.|
         ...........o#.|
          ...........|.|
           ..........| |
            ....----.|
            ....|  |.|
            ....-- |.|
            -....-- .|
            |.....| .|
            |....-- .|
          ---....|  *|
       - --......|  .|
       ...<.....--  .|
       -....|...|   .-
        --.---.--   .
         ---
CyberFan the Digger        St:13 Dx:8 Co:14 In:16 Wi:15 Ch:9  Lawful
Dlvl:6  $:35 HP:0(25) Pw:5(5) AC:4  Xp:2/38 T:1304 

Latest messages:
 You finish your dressing maneuver.
 You swap places with your little dog.
 Baneaul of Haiogthos throws a crude dagger!
 The crude dagger hits the little dog.
 The little dog bites Baneaul of Haiogthos.
 Baneaul of Haiogthos misses the little dog.
 The little dog bites Baneaul of Haiogthos.
 The little dog misses Baneaul of Haiogthos.
 Baneaul of Haiogthos hits!
 The little dog bites Baneaul of Haiogthos.
 Baneaul of Haiogthos is killed!
 Your little dog eats a hill orc corpse named Baneaul of Haiogthos.
 What do you want to use or apply? [ae-ix or ?*]
 You now wield an uncursed +0 pick-axe.
 In what direction do you want to dig? [uln>]
 You start digging.
 You hit the rock with all your might.
 You make an opening in the wall.
 What do you want to wield? [- aeou or ?*]
 You secure the tether.
 u - a thonged club (tethered to right hand).
 In what direction?
 The thonged club returns to your hand!
 You miss Grisuakh of Haiogthos.
 You see here a crude dagger.
 You hit Grisuakh of Haiogthos.
 Grisuakh of Haiogthos hits!
 Unuun of Haiogthos shoots 2 poisoned crude arrows!
 The 1st poisoned crude arrow misses the orc-captain.
 The 1st poisoned crude arrow hits Grisuakh of Haiogthos.
 Grisuakh of Haiogthos is killed!
 The 2nd poisoned crude arrow hits the orc-captain!
 The poison doesn't seem to affect the orc-captain.
 What do you want to throw? [$aou or ?*]
 In what direction?
 The thonged club hits the orc-captain.
 The thonged club returns to your hand!
 The orc-captain picks up an iron skull cap.
 You hit the orc-captain.
 You miss the orc-captain.
 Unuun of Haiogthos picks up a poisoned crude arrow.
 You miss the orc-captain.
 Clonk!
 The orc-captain just misses!
 The orc-captain hits!
 The orc-captain picks up a crude dagger.
 Unuun of Haiogthos shoots 2 poisoned crude arrows!
 You are hit by the 1st poisoned crude arrow!
 You are hit by the 2nd poisoned crude arrow.
 The poison was deadly...

Inventory:
 Coins    ('$')
  $ - 35 gold pieces
 Weapons  (')')
  u - an uncursed +0 aklys (tethered to right hand)
  a - an uncursed +2 bullwhip
  o - an uncursed +0 scimitar
 Armor    ('[')
  c - an uncursed +0 fedora
  y - a blessed +0 orcish helm (being worn)
  r - an uncursed +0 pair of iron shoes (being worn)
  j - an uncursed +0 small shield (being worn)
  k - an uncursed +0 cloak of magic resistance (being worn)
  b - an uncursed +0 leather jacket (being worn)
 Comestibles  ('%')
  d - 4 uncursed food rations
  n - an uncursed lichen corpse
 Scrolls  ('?')
  t - a blessed scroll of gold detection
 Potions  ('!')
  v - an uncursed potion of extra healing
 Tools    ('(')
  h - an empty uncursed sack
  x - an uncursed leash
  i - an uncursed oil lamp (lit)
  e - an uncursed +0 pick-axe
  f - an uncursed tinning kit (0:96)
 Gems/Stones  ('*')
  w - an uncursed opal
  g - an uncursed touchstone

CyberFan the Archeologist's attributes:

Background:
 You were a Digger, a level 2 female dwarven Archeologist.
 You were lawful, nominally on a mission for Quetzalcoatl
 who was opposed by Camaxtli (neutral) and Huhetotl (chaotic).
 You were right-handed.
 You were in the Gnomish Mines, on level 6.
 You entered the dungeon 1304 turns ago.
 You had 38 experience points, 2 more were needed to attain level 3.

Basics:
 You had 0 out of 25 hit points.
 You had all 5 energy points (spell power).
 Your armor class was 4.
 Your wallet contained 35 zorkmids.
 Autopickup was on for '$%?!"=/*' plus thrown, with exceptions.

Final Characteristics:
 Your strength was 13 (limit:18/100).
 Your dexterity was 8 (limit:20).
 Your constitution was 14 (limit:20).
 Your intelligence was 16 (limit:16).
 Your wisdom was 15 (limit:16).
 Your charisma was 9 (limit:16).

Final Status:
 You weren't hungry.
 You were unencumbered.
 You were wielding a club.
 You were unskilled in club.

Final Attributes:
 You were devoutly aligned.
 You were magic-protected.
 You had automatic searching.
 You had infravision.
 You were warded.
 You are dead.

Miscellaneous:
 You disabled loading and storing of bones levels.
 Total elapsed playing time was 10 minutes and 2 seconds.

Major events:
 Turn
    1: CyberFan the lawful female dwarven Archeologist entered the dungeon
  584: entered the Gnomish Mines
 1238: reached Mine Town
 1304: poisoned by an orcish arrow

You didn't know any spells.

Skills:
 Fighting Skills
   bare handed combat [Unskilled]
   two weapon combat  [Unskilled]
   riding             [Unskilled]
 Weapon Skills
   dagger             [Unskilled]
   knife              [Unskilled]
   pick-axe           [Basic]
   short sword        [Unskilled]
   saber              [Unskilled]
   club               [Unskilled]
   quarterstaff       [Unskilled]
   sling              [Unskilled]
   dart               [Unskilled]
   boomerang          [Unskilled]
   whip               [Basic]
   unicorn horn       [Unskilled]
 Spellcasting Skills
   attack spells      [Unskilled]
   healing spells     [Unskilled]
   divination spells  [Unskilled]
   matter spells      [Unskilled]

Voluntary challenges:
 Character rerolling was not enabled.
 You were an atheist.
 You never genocided any monsters.
 You never polymorphed an object.
 You never changed form.
 You used no wishes.
Achievements:
 You entered the Gnomish Mines.
 You entered a shop.
 You entered Minetown.

 The Dungeons of Doom: levels 1 to 3
    Level 1:
    Level 2:
       A tool shop.
       Stairs down to The Gnomish Mines.
    Level 3:
 The Gnomish Mines: levels 3 to 6
    Level 3:
    Level 4:
    Level 5:
    Level 6: <- You were here.
       Final resting place for
          you, poisoned by an orcish arrow.


Vanquished creatures:
  2 gnome leaders
  a dwarf
  2 hill orcs
  a hobbit
  5 gnomes
  6 jackals
  3 goblins
  7 grid bugs
  a lichen
  a newt
29 creatures vanquished.

No species were genocided or became extinct.

Game over:
                       ----------
                      /          \
                     /    REST    \
                    /      IN      \
                   /     PEACE      \
                  /                  \
                  |     CyberFan     |
                  |      35 Au       |
                  |  poisoned by an  |
                  |   orcish arrow   |
                  |                  |
                  |                  |
                  |       2026       |
                 *|     *  *  *      | *
        _________)/\\_//(\/(/\)/\//\/|_)_______

Goodbye CyberFan the Archeologist...

You were poisoned in The Gnomish Mines on dungeon level 6 with 434 points,
and 35 pieces of gold, after 1304 moves.
You were level 2 with a maximum of 25 hit points when you were poisoned.

